Description

Macro Opening into really strong 3-Base Archon-Drop + Chargelot Attack

Build Order

Get SALT Encoding   

  12  0:01  Probe  
  13  0:13  Probe  
  14  0:20  Pylon  
  14  0:25  Probe  
  15  0:39  Gateway  
  15  0:43  Probe  
  15  0:48  Assimilator  
  16  0:55  Probe  
  17  1:07  Probe  
  18  1:29  Nexus  
  18  1:40  Cybernetics Core  
  18  1:44  Probe  
  19  2:00  Pylon  
  19  2:04  Gateway  
  19  2:08  Probe  
  20  2:15  Assimilator  
  20  2:20  Probe  
  21  2:25  Warp Gate  
  21  2:31  Stalker  
  21  2:37  Probe  
  26  2:56  Stalker  
  34  3:23  Assimilator  
  35  3:32  Pylon  
  36  3:38  Twilight Council  
  39  3:53  Sentry  
  43  4:05  Robotics Facility  
  43  4:08  Charge  
  44  4:15  Assimilator  
  46  4:29  Templar Archives  
  48  4:32  Gateway x2  
  48  4:39  Gateway  
  51  4:52  Observer  
  52  5:07  Gateway x2  
  52  5:10  Forge  
  52  5:15  Gateway  
  52  5:16  Protoss Ground Weapons Level 1, Warp Prism  
  54  5:32  Pylon x2  
  54  5:50  High Templar x4  
  62  5:57  Archon x2  
  62  6:00  Zealot  
  64  6:13  High Templar x3  
  70  6:36  High Templar x2  
  70  6:38  Archon  
  72  6:43  Zealot x5  
  84  7:00  Zealot x3  
  90  7:09  Zealot  
  98  7:33  High Templar  
  110  7:40  Archon x2  
Spawning Tool Build Advisor. Get it on Overwolf

Go to:

Details

  • Created by: Kloetenklaus
  • Published on: Mar 02, 2019
  • Modified on: Mar 02, 2019
  • Patch: 4.7.1
Show
View Real Time Build Order
Export as new Build Order

Comments (0)

There are no comments. Be the first!

Create an account to comment!